 Dungeon Crawl Stone Soup version 0.31.0-11-ge490571c62 (webtiles) character file.

Game seed: 598183989235690719

23 booth the Chopper (level 2, -4/23 HPs)
             Began as a Demonspawn Gladiator on Jan 27, 2024.
             Slain by Robin
             ... wielding a +1 spear of venom
              (5 damage)
             ... on level 2 of the Dungeon.
             The game lasted 00:02:59 (693 turns).

booth the Chopper (Demonspawn Gladiator)             Turns: 693, Time: 00:03:00

Health: -4/23      AC:  5    Str: 14    XL:     2   Next: 72%
Magic:  2/2        EV: 12    Int:  8    God:
Gold:   43         SH:  0    Dex: 14    Spells: 1/1 levels left

rFire   . . .        a - +0 war axe
rCold   . . .        (no shield)
rNeg    . . .        b - +0 leather armour
rPois   .            c - +1 helmet
rElec   .            (no cloak)
rCorr   .            (no gloves)
SInv    .            (no boots)
Will    .....        (no amulet)
Stlth   +            (no ring)
HPRegen 0.23/turn    (no ring)
MPRegen 0.08/turn

%: no passive effects
@: lethally poisoned (-4 -> -15)
A: demonic touch 1
a: no special abilities


You were on level 2 of the Dungeon.
You visited 1 branch of the dungeon, and saw 2 of its levels.

You collected 43 gold pieces.

Inventory:

Hand Weapons
 a - a +0 war axe (weapon)
Missiles
 d - 3 throwing nets (quivered)
 e - a javelin
Armour
 b - a +0 leather armour (worn)
 c - a +1 helmet (worn)
Scrolls
 f - a scroll of identify {unknown}
 h - a scroll of teleportation
Potions
 g - a potion of curing


   Skills:
 + Level 2.3 Fighting
 * Level 3.2 Axes
 + Level 2.1 Throwing
 - Level 2.7 Dodging


You had one spell level left.
You didn't know any spells.
Your spell library contained the following spells:

 Spells                   Type           Power      Damage    Failure   Level
 Stone Arrow              Conj/Erth      0%         3d7       86%         3
 Animate Armour           Summ/Erth      0%         N/A       99%         4
 Lehudib's Crystal Spear  Conj/Erth      0%         10d2      100%        8


Dungeon Overview and Level Annotations

Branches:
Dungeon (2/15)

Altars:

Annotations:
D:2 Robin


Innate Abilities, Weirdness & Mutations

Your touch may inflict minor irresistible damage on your foes.


Message History

You hit the goblin.
You kill the goblin!
You hit the kobold. You hit the goblin.
You kill the goblin!
The kobold hits you but does no damage.
A hobgoblin comes into view.
Robin hits you but does no damage.
You are poisoned.
You hit the goblin.
You kill the goblin!
You barely miss the kobold.
You feel sick.
Robin roars a battlecry!
The hobgoblin goes into a battle-frenzy!
A hobgoblin comes into view.
The kobold hits you with a +0 club. The kobold barely misses you.
An endoplasm comes into view.
Robin misses you.
The hobgoblin moves out of view.
You hear a shout! x2
You slash the kobold!
You kill the kobold!
You feel sick.
Robin hits you from afar with a +1 spear of venom.
You feel sick.
Things that are here:
a +0 club; 3 stones; a kobold corpse You feel sick.
Robin attacks as they pursue you!
Robin hits you from afar with a +1 spear of venom.
You are lethally poisoned!
* * * LOW HITPOINT WARNING * * *
You feel sick. Robin hits you but does no damage.
You are more poisoned.
Things that are here:
a +0 club; 3 stones; a kobold corpse You hit Robin.
Robin is moderately wounded.
* * * LOW HITPOINT WARNING * * *
You feel very sick.
Robin hits you with a +1 spear of venom.
You die...
Robin says, "And that's why I'm the boss."

##.......#
#.........
#.........
#.........
#.........
#........)
##.........
##))<.......
#)g@........
#.J#.........
#g##.........
#. ##.......#
.. ##.....##
#J ###### ..
.#


You could see Robin, an endoplasm and a hobgoblin (strong).

Vanquished Creatures
  2 ball pythons (D:1)
  An endoplasm (D:1)
  2 giant cockroaches (D:1)
  6 goblins
  A hobgoblin (D:2)
  2 kobolds (D:2)
  3 quokkas (D:1)
  A frilled lizard (D:1)
18 creatures vanquished.

Notes
Turn   | Place    | Note
-------+----------+-------------------------------------------
     0 | D:1      | booth the Demonspawn Gladiator began the quest for the Orb.
     0 | D:1      | Reached XP level 1. HP: 16/16 MP: 1/1
   173 | D:1      | Discovered your monstrous ancestry.
   173 | D:1      | Gained mutation: Your touch may inflict minor irresistible
                  | damage on your foes. [demonic ancestry]
   173 | D:1      | Reached XP level 2. HP: 22/22 MP: 2/2
   233 | D:1      | Reached skill level 3 in Axes
   681 | D:2      | Noticed Robin
   693 | D:2      | HP: 1/23 [poisoned by Robin]
   693 | D:2      | Slain by Robin

Illustrated notes

Levels and vault maps discovered:
D:1:      dpeg_arrival_signposts, layout_basic
D:2:      layout_rooms, shapermc_ecumenical_altar_gd, uniq_natasha, uniq_robin

Skill      XL: |  1  2 |
---------------+-------+-----
Throwing       | 2 |  2.1
Axes           | 3 |  3.2
Fighting       | |  2.3
Dodging        | |  2.7

Action                     || total
---------------------------++-------
  Melee: War axe           ||    36
         Touch             ||     5
    Use: Scroll            ||     3
         Potion            ||     1
 Armour: Leather armour    ||    34
  Dodge: Dodged            ||    27
